 Dungeon Crawl Stone Soup version 0.21.0-3-g78d12a8 (webtiles) character file.

201129 dohliylev the Imperceptible (level 17, -10/128 HPs)
             Began as a Vampire Enchanter on Jan 8, 2018.
             Was an Elder of Makhleb.
             Mangled by the 27-headed Lernaean hydra (16 damage)
             ... on level 4 of the Swamp on Jan 9, 2018.
             The game lasted 04:15:38 (48976 turns).

dohliylev the Imperceptible (Vampire Enchanter)    Turns: 48976, Time: 04:15:39

Health: -10/128    AC:  0    Str:  7    XL:     17   Next: 90%
Magic:  0/28       EV: 35    Int: 23    God:    Makhleb [****..]
Gold:   2499       SH:  0    Dex: 19    Spells: 17/26 levels left

rFire    . . .     SeeInvis +   (weapon currently unavailable)
rCold    . . .     Gourm    .   (shield currently unavailable)
rNeg     + + .     Faith    .   (armour currently unavailable)
rPois    .         Spirit   +   (helmet currently unavailable)
rElec    +         Reflect  .   (cloak currently unavailable)
rCorr    .         Harm     .   (gloves currently unavailable)
MR       ++...                  (boots currently unavailable)
Stlth    ++++++++++             L - amulet of Huboilimn {Spirit rElec rN+ Int-2 Slay+5}
HPRegen  0.31/turn              (ring currently unavailable)
MPRegen  0.21/turn              (ring currently unavailable)

@: bat-form, flying, very quick
A: tiny, fangs 3, see invisible, blink, magic resistance 1
}: 1/15 runes: serpentine
a: End Transformation, Blink, Minor Destruction, Lesser Servant of Makhleb,
Major Destruction, Renounce Religion


You were on level 4 of the Swamp.
You worshipped Makhleb.
Makhleb was greatly pleased with you.
You were not thirsty.
You were in vampire-bat-form.
You visited 6 branches of the dungeon, and saw 32 of its levels.
You also visited: Bailey and Ice Cave.

You collected 3067 gold pieces.
You spent 568 gold pieces at shops.

Inventory:

Hand Weapons
 h - the +3 dagger "Imp's Undoing" (melded) {venom, rF+ MR+}
   (You found it on level 4 of the Dungeon)

   It poisons the flesh of those it strikes.
   It protects you from fire.
   It affects your resistance to hostile enchantments.
 Y - a +8 rapier of speed
Armour
 a - a scarf of resistance (melded)
 w - the +3 robe of Botikke (melded) {Int+4 Slay+3}
   (You bought it in a shop on level 2 of the Orcish Mines)

   It affects your intelligence (+4).
   It affects your accuracy and damage with ranged weapons and melee attacks
   (+3).
 R - a +2 pair of boots (melded)
 T - a +0 pair of gloves (melded)
 U - a +1 helmet (melded)
 V - a +2 buckler (melded)
Jewellery
 d - an uncursed ring of protection from fire
 g - a ring of protection from magic (melded)
 q - a +3 amulet of reflection
 v - an uncursed ring of positive energy
 K - a +4 ring of dexterity
 L - the amulet of Huboilimn (around neck) {Spirit rElec rN+ Int-2 Slay+5}
   (You found it on level 5 of the Lair of Beasts)

   [amulet of guardian spirit]

   It causes incoming damage to be split between your health and magic.
   It affects your intelligence (-2).
   It affects your accuracy and damage with ranged weapons and melee attacks
   (+5).
   It insulates you from electricity.
   It protects you from negative energy.
 P - an uncursed ring of protection from cold
 X - the ring of Qig Tuev (melded) {Fire rElec MP+9 Int+3 Dex+2}
   (You found it on level 6 of the Lair of Beasts)

   [ring of fire]

   It enhances your fire magic.
   It affects your intelligence (+3).
   It affects your dexterity (+2).
   It protects you from fire.
   It makes you vulnerable to cold.
   It insulates you from electricity.
   It affects your magic capacity (+9).
Wands
 b - a wand of random effects (65)
 c - a wand of paralysis (30)
 e - a wand of iceblast (22)
 m - a wand of digging (22)
 n - a wand of disintegration (26)
 o - a wand of acid (21)
 y - a wand of enslavement (27)
 E - a wand of flame (183)
 O - a wand of polymorph (24)
Scrolls
 f - 10 scrolls of enchant armour
 k - 6 scrolls of fog
 l - 7 scrolls of remove curse
 p - 2 scrolls of fear
 z - a scroll of magic mapping
 F - 2 scrolls of brand weapon
 J - a scroll of acquirement
 N - a scroll of summoning
Potions
 i - 2 potions of magic
 s - 3 potions of agility
 t - 5 potions of brilliance
 u - 2 potions of blood
 x - 3 potions of flight
 A - 2 potions of curing
 B - 7 potions of haste
 D - 3 potions of cancellation
 G - 2 potions of might
 H - 3 potions of berserk rage
 I - 2 potions of lignification
 M - 3 potions of ambrosia
Miscellaneous
 Q - a phantom mirror


   Skills:
 - Level 10.0 Fighting
 - Level 10.0 Short Blades
 - Level 15.0 Dodging
 + Level 24.9 Stealth
 - Level 4.2 Shields
 - Level 5.0 Spellcasting
 - Level 12.0 Hexes
 - Level 15.0 Invocations


You had 17 spell levels left.
You knew the following spells:

 Your Spells              Type           Power        Failure   Level  Hunger
a - Corona                Hex            ######.      1%          1    None
b - Ensorcelled Hibernat  Hex/Ice        ####..       1%          2    None
c - Confuse               Hex            ######..     1%          3    ##.....
d - Tukima's Dance        Hex            ######..     1%          3    ##.....


Dungeon Overview and Level Annotations

Branches:
Dungeon (15/15)            Temple (1/1) D:6            Lair (6/6) D:10
  Swamp (4/4) Lair:4        Snake (4/4) Lair:2        Slime (0/5) Lair:5
    Orc (2/2) D:11            Elf (0/3) Orc:2        Vaults (0/5) D:14
 Depths (0/5) D:15

Altars:
Ashenzari
Cheibriados
Dithmenos
Elyvilon
Fedhas
Gozag
Hepliaklqana
Kikubaaqudgha
Makhleb
Nemelex Xobeh
Okawaru
Qazlal
Ru
Sif Muna
Trog
Uskayaw
Vehumet
Wu Jian
Xom
Yredelemnul
Zin
The Shining One
Beogh

Shops:
D:4 (   D:11 :   D:13 !   D:14 *   Orc:2 =}%[   Snake:1 =

Annotations:
Swamp:4 Lernaean hydra


Innate Abilities, Weirdness & Mutations

You have razor-sharp teeth.
You have supernaturally acute eyesight. (SInv)
((You can survive without breathing.))
((You are partially covered in iridescent scales. (AC +2)))
((You are partially covered in yellow scales. (AC +2)))
You can translocate small distances at will.
You are resistant to hostile enchantments. (MR+)


Message History

The 27-headed Lernaean hydra completely misses you.
The 27-headed Lernaean hydra bites you.
The 27-headed Lernaean hydra completely misses you.
The 27-headed Lernaean hydra bites you. x2
The 27-headed Lernaean hydra completely misses you.
The 27-headed Lernaean hydra barely misses you.
The 27-headed Lernaean hydra bites you!
The 27-headed Lernaean hydra bites you!!
* * * LOW HITPOINT WARNING * * *
The 27-headed Lernaean hydra misses you.
The 27-headed Lernaean hydra bites you!
* * * LOW HITPOINT WARNING * * *
The 27-headed Lernaean hydra completely misses you. x3
The 27-headed Lernaean hydra bites you!!
* * * LOW HITPOINT WARNING * * *
The 27-headed Lernaean hydra closely misses you.
The 27-headed Lernaean hydra misses you.
The 27-headed Lernaean hydra completely misses you. x2
The 27-headed Lernaean hydra bites you!
You die...

≈.♣♣♣.≈§≈≈≈.≈≈≈♣♣≈♣♣ ♣≈♣ ♣♣♣
≈♣♣ ♣♣≈.≈≈≈≈...♣♣≈≈♣ ♣♣♣♣♣♣≈♣
♣♣ ♣≈≈≈≈≈≈.≈.≈♣≈≈♣♣♣≈.≈≈.≈♣ ♣
♣≈≈.....≈...≈....≈≈..♣..♣ ♣
♣♣.....♣♣♣≈≈.......♣≈.♣♣≈♣
♣♣♣♣≈....≈♣♣♣.≈≈≈♣♣≈♣♣≈♣♣♣♣♣♣
.♣≈..§≈≈≈♣♣≈♣♣♣♣♣♣.≈♣♣.§♣
≈.≈..≈≈≈....♣♣♣♣♣♣.≈..♣♣♣
≈≈♣♣≈§♣♣♣≈≈..♣≈.b≈....♣
≈....♣♣♣≈<..≈§.D§..§≈.♣♣♣♣♣♣♣
≈.≈≈.♣♣♣.≈≈≈≈≈≈D≈.≈≈≈.♣♣.≈§.♣
≈≈≈......≈≈≈≈≈≈≈......≈.≈≈≈≈♣
≈≈..≈%[≈.≈≈≈≈≈≈≈...♣♣≈≈..≈≈.♣
≈≈≈♣♣♣...≈..≈≈≈≈.♣♣♣♣♣≈..≈≈≈♣
≈≈.≈≈≈≈≈≈≈≈≈w≈≈.♣♣ ♣♣♣♣...♣
....≈≈≈§≈≈≈≈≈≈.≈♣ ♣≈.♣♣
.≈≈≈≈§≈%≈≈≈≈≈≈≈≈♣♣♣♣♣ ♣♣.≈♣


You could see the 27-headed Lernaean hydra, a seven-headed hydra and a swamp
worm.

Vanquished Creatures
  Mara (Snake:3)
  2 thorn hunters (Swamp:4)
  3 nagarajas (Snake:4)
  Azrael (D:13)
  An ettin (Orc:1)
  Harold (Lair:1)
  Josephine (D:15)
  An ogre mage (Orc:2)
  6 naga warriors
  13 hydras
  Erica (D:8)
  2 catoblepae (Lair:6)
  A ghost crab (Swamp:3)
  16 anacondas
  11 two-headed ogres
  2 alligators
  3 centaur warriors
  6 death yaks
  Urug (D:14)
  12 naga sharpshooters
  8 shock serpents
  3 spriggans (Swamp:2)
  A fire crab (Lair:6)
  Nergalle (Lair:3)
  3 salamander mystics (Snake:4)
  3 unseen horrors
  A deep troll (Orc:1)
  4 sea snakes (Snake:4)
  A death drake (shapeshifter) (D:15)
  8 naga ritualists
  A shambling mangrove (Swamp:2)
  6 swamp dragons
  A spriggan druid (Swamp:2)
  A wizard (D:14)
  A lindwurm (D:14)
  Pikel (D:8)
  2 deep elf magi (D:15)
  4 orc knights
  5 cyclopes
  2 ugly things (D:13)
  6 salamanders
  10 mana vipers
  2 manticores
  A wolf spider (D:15)
  Maurice (D:8)
  2 elephants (Lair:6)
  35 black mambas
  A guardian serpent (shapeshifter) (D:10)
  Joseph (Lair:1)
  11 guardian serpents
  4 centaur zombies
  An ice statue (IceCv)
  10 spiny frogs
  15 naga magi
  A gargoyle (D:10)
  2 torpor snails
  10 freezing wraiths
  A yaktaur (D:15)
  6 ice devils (IceCv)
  5 anaconda simulacra (IceCv)
  6 komodo dragons
  2 rime drakes
  A golden dragon simulacrum (IceCv)
  13 trolls
  A wolf spider simulacrum (D:14)
  3 tyrant leeches
  5 hornets
  Grinder (D:3)
  3 polar bears (D:14)
  10 slime creatures
  5 hippogriffs
  14 blink frogs
  3 dancing weapons (Lair:2)
  5 bog bodies
  2 meliai zombies (D:13)
  3 shadows
  63 yaks
  4 wraiths
  2 dire elephant simulacra (IceCv)
  6 fire elementals (D:13)
  A human (D:8)
  A water elemental (D:15)
  6 basilisks
  4 hogs (D:8)
  A wyvern (D:12)
  Grum (D:8)
  8 vampire mosquitoes
  A hungry ghost (D:9)
  A redback simulacrum (D:14)
  5 wargs
  17 swamp worms
  38 nagas
  3 insubstantial wisps (Swamp:2)
  Edmund (D:4)
  2 hell hounds (D:13)
  10 water moccasins
  An iron troll simulacrum (IceCv)
  4 harpy simulacra (IceCv)
  A soldier ant (D:11)
  The ghost of Vajrapani the Vexing, an amateur VSAM (D:3)
  A hydra simulacrum (IceCv)
  15 porcupines
  2 hornet zombies
  3 sky beasts
  9 swamp drakes
  10 ice beasts
  18 orc warriors
  4 slaves (D:8)
  A necrophage (D:13)
  16 wolves
  19 centaurs
  21 ogres
  13 crocodiles
  2 gnoll sergeants
  2 big kobolds
  14 bullfrogs
  5 scorpions
  41 killer bees
  4 wights (D:9)
  2 howler monkeys
  12 electric eels
  2 lava snakes (Lair:4)
  4 crimson imps
  A draconian simulacrum (IceCv)
  5 bullfrog zombies
  8 jellies
  2 bullfrog skeletons
  4 hounds
  11 orc priests
  4 centaur skeletons
  11 orc wizards
  4 iguanas
  A spriggan simulacrum (IceCv)
  3 troll simulacra (IceCv)
  5 worker ants
  A wolf simulacrum (IceCv)
  3 centaur simulacra
  A hound zombie (D:9)
  2 howler monkey zombies
  2 worker ant zombies (D:5)
  13 adders
  3 howler monkey skeletons
  An ogre simulacrum (IceCv)
  15 gnolls
  3 naga simulacra (IceCv)
  4 shadow imps
  11 white imps
  8 ufetubi
  2 oozes
  3 worms
  2 adder skeletons
  An adder zombie (D:8)
  2 dart slugs
  7 leopard geckos
  75 orcs
  4 bats
  5 giant cockroaches
  5 goblins
  7 hobgoblins
  9 jackals
  4 quokkas
  A ball python (D:2)
  6 frilled lizards
  16 kobolds
  A quokka zombie (D:9)
  6 rats
  A spectral orc (D:8)
1029 creatures vanquished.

Vanquished Creatures (collateral kills)
  3 nagarajas (Snake:4)
  2 blizzard demons (IceCv)
  An ogre mage (Orc:2)
  2 naga warriors (Snake:4)
  4 hydras
  A catoblepas (Lair:6)
  An anaconda (Snake:2)
  3 two-headed ogres (Orc:2)
  5 death yaks
  An orc high priest (Orc:1)
  2 naga sharpshooters (Snake:4)
  A salamander mystic (Snake:4)
  A naga ritualist (Snake:4)
  An orc knight (Orc:1)
  A deep troll (Orc:2)
  A cyclops (Orc:2)
  A manticore (Lair:6)
  2 elephants (Lair:6)
  2 black mambas
  A spiny frog (Lair:5)
  A guardian serpent (Snake:4)
  6 naga magi
  A komodo dragon (Lair:6)
  A queen bee (Lair:3)
  A troll (Orc:2)
  2 blink frogs (Lair:6)
  A wraith (D:15)
  9 yaks
  A swamp worm (Swamp:4)
  7 nagas
  2 water moccasins
  2 hydra simulacra (IceCv)
  4 orc warriors
  A swamp drake (Swamp:4)
  5 wolves (Lair:5)
  5 ogres (Orc:2)
  3 crocodiles
  7 killer bees (Lair:3)
  An electric eel (Lair:1)
  A bullfrog zombie (D:12)
  2 jellies (D:12)
  An orc priest (Orc:1)
  A centaur skeleton (D:12)
  An orc wizard (Orc:1)
  An ooze (Lair:5)
  6 orcs
  A fungus (Lair:1)
  A plant (Lair:3)
111 creatures vanquished.

Vanquished Creatures (others)
  2 dancing weapons (Snake:4)
  An unseen horror (D:15)
  A blink frog (Lair:6)
  An orc warrior (Orc:2)
  23 fungi
  23 plants
51 creatures vanquished.

Grand Total: 1191 creatures vanquished

Notes
Turn   | Place    | Note
-------+----------+-------------------------------------------
     0 | D:1      | dohliylev the Vampire Enchanter began the quest for the Orb.
     0 | D:1      | Reached XP level 1. HP: 13/13 MP: 3/3
   506 | D:1      | Reached XP level 2. HP: 15/19 MP: 3/5
   524 | D:1      | Learned a level 2 spell: Ensorcelled Hibernation
   987 | D:2      | Found a bloodstained altar of Trog.
  1222 | D:2      | Reached XP level 3. HP: 24/24 MP: 6/6
  1847 | D:2      | Found a glowing golden altar of the Shining One.
  2118 | D:3      | Learned a level 3 spell: Confuse
  2125 | D:3      | Found a blossoming altar of Fedhas.
  2205 | D:3      | HP: 1/24 [orc/flail (9)]
  2248 | D:3      | Noticed Grinder
  2250 | D:3      | Reached XP level 4. HP: 17/30 MP: 3/7
  2392 | D:4      | Got an ancient dagger
  2393 | D:4      | Identified the +3 dagger "Imp's Undoing" {venom, rF+ MR+} (You found it on level 4 of the Dungeon)
  2426 | D:4      | Noticed Edmund
  2510 | D:4      | Reached skill level 5 in Dodging
  2514 | D:4      | Reached skill level 5 in Hexes
  2514 | D:4      | Reached XP level 5. HP: 35/35 MP: 3/8
  2530 | D:4      | Found Zaseoqeq's Weapon Boutique.
  2559 | D:4      | Found a stormy altar of Qazlal.
  2818 | D:3      | Noticed Vajrapani's ghost (amateur VSAM)
  3130 | D:4      | Killed Edmund
  3130 | D:4      | Reached XP level 6. HP: 41/41 MP: 4/9
  3424 | D:4      | Noticed a water moccasin
  3443 | D:4      | Gained mutation: You are partially covered in iridescent scales. (AC +2) [potion of mutation]
  3443 | D:4      | Gained mutation: You are occasionally teleported next to monsters. [potion of mutation]
  3443 | D:4      | Gained mutation: You are partially covered in slimy green scales. (AC +2) [potion of mutation]
  3461 | D:4      | Killed a water moccasin
  3461 | D:4      | Reached skill level 5 in Short Blades
  3631 | D:5      | Entered Level 5 of the Dungeon
  3742 | D:5      | Learned a level 3 spell: Tukima's Dance
  3807 | D:5      | Reached skill level 5 in Stealth
  3807 | D:5      | Reached XP level 7. HP: 46/46 MP: 5/10
  3970 | D:5      | Reached skill level 6 in Stealth
  4109 | D:5      | Found a hazy altar of Hepliaklqana.
  4111 | D:5      | Found a shimmering altar of Xom.
  4111 | D:5      | Found a shimmering altar of Xom.
  4122 | D:5      | Reached skill level 7 in Stealth
  4144 | D:5      | Reached skill level 8 in Stealth
  4168 | D:5      | Found an ancient bone altar of Kikubaaqudgha.
  4168 | D:5      | Found a sparkling altar of Nemelex Xobeh.
  4168 | D:5      | Found a snail-covered altar of Cheibriados.
  4881 | D:5      | Found a deep blue altar of Sif Muna.
  4893 | D:6      | Found a staircase to the Ecumenical Temple.
  4906 | Temple   | Entered the Ecumenical Temple
  4974 | Temple   | Became a worshipper of Nemelex Xobeh the Trickster
  4996 | D:6      | Reached XP level 8. HP: 52/52 MP: 8/11
  5091 | D:6      | Found a radiant altar of Vehumet.
  5128 | D:6      | Received a gift from Nemelex Xobeh
  5128 | D:6      | Received a gift from Nemelex Xobeh
  6046 | D:3      | Killed Vajrapani's ghost
  6514 | D:3      | Reached * piety under Nemelex Xobeh
  7001 | D:3      | Killed Grinder
  7230 | D:7      | Found a white marble altar of Elyvilon.
  7340 | D:7      | Reached skill level 1 in Shields
  7340 | D:7      | Reached skill level 1 in Invocations
  7373 | D:7      | Found a burning altar of Makhleb.
  7373 | D:7      | Noticed a green death
  7378 | D:7      | Found a glowing silver altar of Zin.
  7378 | D:7      | Noticed an angel
  7381 | D:7      | Fell from the grace of Nemelex Xobeh
  7381 | D:7      | Became a worshipper of Makhleb the Destroyer
  7465 | D:7      | Reached XP level 9. HP: 44/57 MP: 10/12
  8093 | D:7      | Noticed a red devil
  8626 | D:8      | Reached skill level 9 in Stealth
  8633 | D:8      | Noticed a two-headed ogre
  8643 | D:8      | Killed a two-headed ogre
  8643 | D:8      | Reached skill level 10 in Stealth
  8706 | D:8      | Noticed Maurice
  8717 | D:8      | Killed Maurice
  8717 | D:8      | Reached skill level 11 in Stealth
  8717 | D:8      | Reached XP level 10. HP: 36/64 MP: 2/13
  8750 | D:8      | Noticed Grum
  9057 | D:8      | Noticed Pikel
  9171 | D:8      | Killed Pikel
  9171 | D:8      | Reached skill level 12 in Stealth
  9261 | D:8      | Killed Grum
  9386 | D:8      | Reached * piety under Makhleb
  9417 | D:8      | Noticed Erica
  9465 | D:8      | Killed Erica
  9465 | D:8      | Reached skill level 13 in Stealth
 10007 | D:8      | Found a basalt altar of Yredelemnul.
 10068 | D:8      | Reached skill level 14 in Stealth
 10848 | D:9      | Reached skill level 15 in Stealth
 10871 | D:9      | Reached skill level 1 in Fighting
 11005 | D:9      | Found a glowing silver altar of Zin.
 11174 | D:9      | Reached ** piety under Makhleb
 11212 | D:9      | XOM: mild Hex miscast
 11741 | D:9      | Reached XP level 11. HP: 78/78 MP: 14/14
 12003 | D:9      | Reached skill level 5 in Fighting
 12035 | D:9      | Noticed a two-headed ogre
 12045 | D:9      | Killed a two-headed ogre
 12136 | D:9      | Found a hazy altar of Hepliaklqana.
 12653 | D:10     | Entered Level 10 of the Dungeon
 12656 | D:10     | Found a staircase to the Lair.
 13657 | D:10     | Reached *** piety under Makhleb
 13953 | D:11     | Reached skill level 10 in Dodging
 14271 | D:11     | Found a staircase to the Orcish Mines.
 14356 | D:11     | Found Vepebb's Book Shoppe.
 14584 | D:11     | Noticed an eight-headed hydra
 14652 | D:12     | Noticed a two-headed ogre
 14653 | D:12     | Killed a two-headed ogre
 14658 | D:12     | Got a brightly glowing robe
 14669 | D:12     | Identified the +1 robe of Light {Int+2} (You found it on level 12 of the Dungeon)
 14795 | D:12     | Reached XP level 12. HP: 59/89 MP: 0/15
 14885 | D:12     | Reached **** piety under Makhleb
 15071 | D:13     | Reached skill level 5 in Invocations
 15128 | D:13     | Noticed Azrael
 15716 | D:13     | Found Poajamolaf's Distillery.
 16196 | D:13     | Lost mutation: You are partially covered in slimy green scales. (AC +2) [potion of mutation]
 16196 | D:13     | Lost mutation: You are occasionally teleported next to monsters. [potion of mutation]
 16196 | D:13     | Gained mutation: You can translocate small distances at will. [potion of mutation]
 16196 | D:13     | Gained mutation: You are partially covered in yellow scales. (AC +2) [potion of mutation]
 16196 | D:13     | Gained mutation: You are resistant to hostile enchantments. (MR+) [potion of mutation]
 16230 | D:13     | Killed Azrael
 17013 | D:11     | Killed an eight-headed hydra
 17176 | D:11     | Reached skill level 10 in Invocations
 17841 | Lair:1   | Entered Level 1 of the Lair of Beasts
 17982 | Lair:1   | Noticed a seven-headed hydra
 18012 | Lair:1   | Killed a seven-headed hydra
 18092 | Lair:1   | Reached XP level 13. HP: 82/95 MP: 13/21
 18204 | Lair:1   | Noticed Harold
 18211 | Lair:1   | Killed Harold
 18223 | Lair:1   | Noticed Joseph
 18237 | Lair:1   | Killed Joseph
 18688 | Lair:2   | Found a staircase to the Snake Pit.
 19568 | Lair:2   | Was forgiven by Nemelex Xobeh
 19711 | Lair:3   | Noticed Nergalle
 19717 | Lair:3   | Killed Nergalle
 21011 | Lair:4   | Found a staircase to the Swamp.
 21994 | Lair:5   | Found a staircase to the Slime Pits.
 22668 | Lair:5   | Got a vibrating ivory amulet
 23055 | Lair:6   | Entered Level 6 of the Lair of Beasts
 23432 | Lair:6   | Reached XP level 14. HP: 46/101 MP: 0/24
 25120 | Lair:6   | Reached skill level 15 in Invocations
 25477 | Lair:6   | Got a glittering ivory ring
 25736 | Orc:1    | Entered Level 1 of the Orcish Mines
 25767 | Orc:1    | Found a flagged portal.
 25801 | Bailey   | Entered a bailey
 26021 | Bailey   | Reached skill level 5 in Spellcasting
 26812 | Orc:1    | Found a roughly hewn altar of Beogh.
 27113 | Orc:2    | Entered Level 2 of the Orcish Mines
 27136 | Orc:2    | Found Foennesi's Jewellery Boutique.
 27500 | Orc:2    | Found a staircase to the Elven Halls.
 27697 | Orc:2    | Found a radiant altar of Vehumet.
 27840 | Orc:2    | Found Asook's Gadget Shoppe.
 27868 | Orc:2    | Found Xeawnebb's Food Shop.
 27869 | Orc:2    | Found Teiffe's Armour Shop.
 28000 | Orc:2    | Bought the +3 robe of Botikke {Int+4 Slay+3} for 568 gold pieces
 28235 | Orc:2    | Reached skill level 10 in Short Blades
 28814 | Snake:1  | Entered Level 1 of the Snake Pit
 28852 | Snake:1  | Reached XP level 15. HP: 112/112 MP: 23/26
 28854 | Snake:1  | Identified the amulet of Huboilimn {Spirit rElec rN+ Int-2 Slay+5} (You found it on level 5 of the Lair of Beasts)
 28856 | Snake:1  | Identified the ring of Qig Tuev {Fire rElec MP+9 Int+3 Dex+2} (You found it on level 6 of the Lair of Beasts)
 29213 | Snake:1  | Found Etipoonu's Jewellery Shoppe.
 30022 | Snake:2  | Reached skill level 10 in Fighting
 30984 | Snake:3  | Noticed Mara
 30985 | Snake:3  | Noticed dohliylev's illusion
 31121 | Snake:3  | Killed Mara
 31121 | Snake:3  | Reached skill level 16 in Stealth
 31121 | Snake:3  | Reached skill level 10 in Hexes
 31522 | Snake:4  | Entered Level 4 of the Snake Pit
 32092 | Snake:4  | Reached skill level 17 in Stealth
 32114 | Snake:4  | Found a frozen archway.
 32120 | IceCv    | Entered an ice cave
 33966 | Snake:4  | Reached XP level 16. HP: 60/122 MP: 14/27
 33993 | Snake:4  | Reached skill level 18 in Stealth
 34702 | Snake:4  | Reached skill level 19 in Stealth
 35381 | Snake:4  | Reached skill level 20 in Stealth
 38617 | Snake:4  | HP: 6/122 [guardian serpent/bolt of poison (2)]
 39223 | D:14     | Found Maol's Assorted Antiques.
 39380 | D:14     | Reached skill level 15 in Dodging
 39541 | D:14     | Noticed Urug
 39550 | D:14     | Reached XP level 17. HP: 125/128 MP: 14/28
 39557 | D:14     | Killed Urug
 40012 | D:14     | Found a gate to the Vaults.
 40073 | D:15     | Entered Level 15 of the Dungeon
 40073 | D:15     | Found a snail-covered altar of Cheibriados.
 40106 | D:15     | Reached skill level 21 in Stealth
 40744 | D:15     | Noticed Josephine
 40766 | D:15     | Killed Josephine
 41254 | D:15     | Reached ***** piety under Makhleb
 41382 | D:15     | Found a staircase to the Depths.
 41591 | D:15     | Reached skill level 22 in Stealth
 43933 | Snake:4  | Got a serpentine rune of Zot
 44128 | Swamp:1  | Entered Level 1 of the Swamp
 44275 | Swamp:1  | Reached skill level 23 in Stealth
 46271 | Swamp:3  | Reached skill level 24 in Stealth
 46664 | Swamp:4  | Entered Level 4 of the Swamp
 47259 | Swamp:4  | Identified a scroll of acquirement
 47713 | Swamp:4  | Noticed the 27-headed Lernaean hydra
 48976 | Swamp:4  | HP: 6/128 [the 27-headed Lernaean hydra (13)]
 48976 | Swamp:4  | Mangled by the 27-headed Lernaean hydra

Skill      XL: |  1  2  3  4  5  6  7  8  9 10 11 12 13 14 15 16 17 |
---------------+----------------------------------------------------+-----
Dodging        | 3 4 5 6 8 12 15 | 15.0
Hexes          | 5 6 7 12 | 12.0
Short Blades   | 3 5 7 10 | 10.0
Stealth        | 5 8 11 15 17 20 24 | 24.9
Shields        | 1 4 |  4.2
Invocations    | 2 4 10 14 15 | 15.0
Fighting       | 4 6 8 10 | 10.0
Spellcasting   | 5 |  5.0

Action                   |  1- 3 |  4- 6 |  7- 9 | 10-12 | 13-15 | 16-18 || total
-------------------------+-------+-------+-------+-------+-------+-------++-------
Melee: Dagger            |   106 |    85 |   222 |  1014 |  1376 |  1179 ||  3982
       Bite              |     7 |     9 |    12 |   104 |   125 |   106 ||   363
       Unarmed           |       |       |       |     1 |       |       ||     1
       Rapier            |       |       |       |       |     9 |       ||     9
 Cast: Corona            |     4 |     1 |       |     8 |     8 |    16 ||    37
       Ensorcelled Hiber |    30 |    29 |    87 |   162 |   295 |   235 ||   838
       Confuse           |       |     7 |     7 |    34 |   116 |    94 ||   258
       Tukima's Dance    |       |       |       |       |       |    10 ||    10
Invok: Lesser Servant of |       |       |       |    16 |    75 |    34 ||   125
       Minor Destruction |       |       |       |     7 |    19 |   136 ||   162
       Greater Servant o |       |       |       |       |       |     1 ||     1
 Abil: Bat Form          |       |       |     3 |     1 |       |     5 ||     9
       End Transformatio |       |       |     3 |     1 |       |     4 ||     8
       Blink             |       |       |       |       |     4 |     9 ||    13
  Use: Scroll            |     4 |     2 |     2 |     8 |    24 |    18 ||    58
       Potion            |     1 |     6 |     4 |     3 |    18 |    33 ||    65
 Stab: Sleeping          |    31 |     9 |    57 |   114 |   168 |   119 ||   498
       Confused          |       |     1 |     3 |    16 |    36 |    49 ||   105
       Distracted        |       |       |       |     2 |    15 |    17 ||    34
       Invisible         |       |       |       |       |       |     1 ||     1
  Eat: Corpse            |    14 |     4 |    23 |    50 |    60 |    28 ||   179
Armor: Robe              |    15 |    11 |    17 |    72 |   179 |   206 ||   500
       Skin              |       |       |    17 |       |       |       ||    17
       Animal skin       |       |       |       |    57 |       |       ||    57
Dodge: Dodged            |    49 |    63 |   132 |   582 |   788 |   987 ||  2601
Block: Buckler           |       |       |       |   319 |   344 |   198 ||   861
       Reflection        |       |       |       |     9 |     8 |       ||    17
       Other             |       |       |       |     4 |       |       ||     4
